 Dungeon Crawl Stone Soup version 0.31-a0-267-g3fc6992b3b (webtiles) character file.

Game seed: 2968267421411001661

23 qw the Shooter (level 2, -1/17 HPs)
             Began as a Gargoyle Hexslinger on July 14, 2023.
             Slain by a frilled lizard (2 damage)
             ... on level 1 of the Dungeon.
             The game lasted 00:00:09 (256 turns).

qw the Shooter (Gargoyle Hexslinger)                 Turns: 256, Time: 00:00:10

Health: -1/17      AC:  4    Str: 11    XL:     2   Next: 95%
Magic:  3/3        EV: 12    Int: 13    God:
Gold:   40         SH:  0    Dex: 12    Spells: 2/3 levels left

rFire   . . .        a - +1 sling
rCold   . . .        (no shield)
rNeg    + . .        c - +0 robe
rPois   inf          (no helmet)
rElec   +            (no cloak)
rCorr   .            (no gloves)
SInv    .            (no boots)
Will    .....        (no amulet)
Stlth   +            (no ring)
HPRegen 0.22/turn    (no ring)
MPRegen 0.08/turn

%: no passive effects
@: no status effects
A: sickness immunity, AC +2, negative energy resistance 1, electricity
resistance, torment resistance 1, petrification resistance
a: no special abilities


You were on level 1 of the Dungeon.
You visited 1 branch of the dungeon, and saw 1 of its levels.

You collected 40 gold pieces.


Innate Abilities, Weirdness & Mutations

You are immune to sickness and miasma.
Your stone body is resilient. (AC +2)
You are immune to poison.
You resist negative energy. (rN+)
You are resistant to electric shocks. (rElec)
You are resistant to unholy torment.
You are immune to petrification.


   Skills:
 + Level 1.8 Fighting
 - Level 3.0 Ranged Weapons
 - Level 1.5 Dodging
 - Level 1.0 Spellcasting
 - Level 2.6 Hexes


You had 2 spell levels left.
You knew the following spells:

 Your Spells              Type           Power      Damage    Failure   Level
a - Slow                  Hex            28%        N/A       10%         1

Your spell library contained the following spells:

 Spells                   Type           Power      Damage    Failure   Level
 Inner Flame              Hex/Fire       4%         N/A       43%         3
 Portal Projectile        Hex/Tloc       8%         N/A       43%         3
 Cause Fear               Hex            3%         N/A       67%         4

Inventory:

Hand Weapons
 a - a +1 sling (weapon)
Armour
 c - a +0 robe (worn)
Scrolls
 b - a scroll of poison
Potions
 d - a potion of heal wounds {unknown}
 e - a potion of curing {unknown}

Dungeon Overview and Level Annotations

Branches:
Dungeon (1/15)

Altars:


Message History

The frilled lizard barely misses you.
You shoot a sling bullet.
The sling bullet closely misses the quokka.
The sling bullet barely misses the kobold.
The quokka bites you but does no damage.
The frilled lizard closely misses you. The quokka closely misses you.
You shoot a sling bullet.
The sling bullet barely misses the quokka.
The sling bullet hits the kobold.
The kobold is severely wounded.
The frilled lizard bites you but does no damage.
The quokka barely misses you. The frilled lizard bites you.
You shoot a sling bullet. The sling bullet hits the quokka.
The quokka is severely wounded.
The quokka misses you. The frilled lizard barely misses you.
The quokka bites you.
You shoot a sling bullet.
The sling bullet barely misses the quokka.
The sling bullet hits the kobold but does no damage.
The kobold is severely wounded.
The quokka bites you. The frilled lizard bites you.
You shoot a sling bullet.
The sling bullet closely misses the quokka.
The sling bullet hits the kobold but does no damage.
The kobold is severely wounded.
The quokka closely misses you.
The frilled lizard bites you but does no damage.
The quokka closely misses you.
You shoot a sling bullet. The sling bullet hits the quokka.
You kill the quokka!
The bat completely misses you. The frilled lizard bites you.
The kobold hits you with a +0 whip.
The frilled lizard bites you but does no damage.
You shoot a sling bullet. The sling bullet hits the kobold.
You kill the kobold!
The bat hits you but does no damage. The frilled lizard closely misses you.
You shoot a sling bullet. The sling bullet hits the bat.
You kill the bat!
The frilled lizard bites you.
You die...

#####..####........##
..#...........####..#
...###.####...####..#
#.## #.# ##....#####
#.# #.# #.##..# ..#
#.# ###.###.#######
.## #..
............... ##
### ##..#.#.#...### #
......#@###...# ###
...#. #)l# #.# ..##
##### [.... . ...#
.####... ...# .. .$##
...## .. .# #.#.# ...
# #...# ... ....#


You could see a frilled lizard.

Vanquished Creatures
  A dart slug (D:1)
  A ball python (D:1)
  An endoplasm (D:1)
  3 hobgoblins (D:1)
  6 kobolds (D:1)
  2 quokkas (D:1)
  2 bats (D:1)
  3 frilled lizards (D:1)
19 creatures vanquished.

Notes
Turn   | Place    | Note
-------+----------+-------------------------------------------
     0 | D:1      | qw the Gargoyle Hexslinger began the quest for the Orb.
     0 | D:1      | Reached XP level 1. HP: 12/12 MP: 2/2
     0 | D:1      | 0 ||| qw: Version: 0.3-a-52-g30416fa
     0 | D:1      | 0 ||| qw: Game counter: 7900
     0 | D:1      | 0 ||| qw: Melee chars always use a shield: true
     0 | D:1      | 0 ||| qw: God list: Okawaru
     0 | D:1      | 0 ||| qw: Allow faded altars: false
     0 | D:1      | 0 ||| qw: Do Orc after clearing Dungeon:15 true
     0 | D:1      | 0 ||| qw: Do second Lair branch before Depths: true
     0 | D:1      | 0 ||| qw: Lair rune preference: random
     0 | D:1      | 0 ||| qw: Goals: Normal
     0 | D:1      | 0 ||| PLANNING D:1-11
    73 | D:1      | Reached XP level 2. HP: 16/16 MP: 3/3
   132 | D:1      | Reached skill level 3 in Ranged Weapons
   252 | D:1      | HP: 3/16 [frilled lizard (2)]
   254 | D:1      | HP: 1/16 [kobold/+0 whip (2)]
   256 | D:1      | Slain by a frilled lizard

Levels and vault maps discovered:
D:1:      dpeg_arrival_round_c, layout_rooms

Skill      XL: |  1  2 |
---------------+-------+-----
Ranged Weapons | 3 |  3.0
Fighting       | |  1.8
Dodging        | |  1.5
Spellcasting   | |  1.0
Hexes          | |  2.6

Action                     || total
---------------------------++-------
   Fire: Sling             ||    53
 Armour: Robe              ||    10
  Dodge: Dodged            ||    34

Table legend:
 A = Non-vault XP
 B = Vault XP
 C = Vault XP percentage of total XP
 D = Non-vault monster count
 E = Vault monster count
 F = Vault count percentage of total count
                 A         B        C        D         E       F
            +---------+---------+-------+---------+---------+-------
      Total |      34 |       0 |   0.0 |      19 |       0 |   0.0
            +---------+---------+-------+---------+---------+-------
        D:1 |      34 |       0 |   0.0 |      19 |       0 |   0.0
            +---------+---------+-------+---------+---------+-------
